 Dungeon Crawl Stone Soup version 0.29.1-15-g9cfb28693d (webtiles) character file.

Game seed: 11483122809945567143

31 BuddhaDhamma the Chopper (level 3, -2/31 HPs)
             Began as a Minotaur Berserker on Mar 24, 2023.
             Was a Follower of Trog.
             Succumbed to a goblin's poison
             ... on level 2 of the Dungeon.
             The game lasted 00:01:37 (1073 turns).

BuddhaDhamma the Chopper (Minotaur Berserker)       Turns: 1073, Time: 00:01:38

Health: -2/31      AC:  5    Str: 23    XL:     3   Next: 7%
Magic:  2/2        EV: 15    Int:  4    God:    Trog [*.....]
Gold:   61         SH:  0    Dex:  9    Spells: 2/2 levels left

rFire   . . .      SeeInvis .   a - +0 hand axe
rCold   . . .      Faith    .   (no shield)
rNeg    . . .      Spirit   .   d - +0 ring mail
rPois   .          Reflect  .   (helmet restricted)
rElec   .          Harm     .   (no cloak)
rCorr   .          Rampage  .   (no gloves)
Will    .....                   (no boots)
Stlth   ..........              (no amulet)
HPRegen 0.10/turn               b - +4 ring of evasion
MPRegen 0.08/turn               (no ring)

@: mighty, lethally poisoned (-2 -> -15)
A: horns 2, retaliatory headbutt
a: Renounce Religion, Berserk


You were on level 2 of the Dungeon.
You worshipped Trog.
Trog was aware of your devotion.
You visited 1 branch of the dungeon, and saw 2 of its levels.

You collected 61 gold pieces.

Inventory:

Hand Weapons
 a - a +0 hand axe (weapon)
Armour
 d - a +0 ring mail (worn)
Jewellery
 b - a +4 ring of evasion (left hand)
Scrolls
 e - a scroll of fear {unknown}
 f - a scroll of identify {unknown}
 g - a scroll of magic mapping {unknown}
 h - a scroll of enchant armour {unknown}


   Skills:
 - Level 3.6 Fighting
 + Level 5.1 Axes
 - Level 2.4 Armour
 - Level 2.1 Dodging


You had 2 spell levels left.
You didn't know any spells.
Your spell library was empty.

Dungeon Overview and Level Annotations

Branches:
Dungeon (2/15)

Altars:


Innate Abilities, Weirdness & Mutations

You have a pair of horns on your head.
You reflexively headbutt those who attack you in melee.


Message History

A worm comes into view.
You closely miss the goblin.
The goblin hits you with a +2 dagger of venom.
You closely miss the goblin. Your headbutt misses the goblin.
The goblin hits you but does no damage.
You are poisoned.
You hit the goblin.
The goblin is moderately wounded.
You feel sick. The goblin hits you but does no damage.
You are more poisoned.
You hit the goblin.
The goblin is severely wounded.
You feel very sick.
The goblin hits you with a +2 dagger of venom.
You are lethally poisoned!
You are too injured to fight recklessly!
It was a potion of might.
You feel very mighty all of a sudden.
You feel very sick. The goblin barely misses you.
You closely miss the goblin.
The goblin is severely wounded.
You closely miss the orc wizard.
* * * LOW HITPOINT WARNING * * *
You feel very sick. The goblin hits you but does no damage.
The orc wizard hits you with a +0 dagger.
* * * LOW HITPOINT WARNING * * *
You closely miss the goblin.
The goblin is severely wounded.
You hit the orc wizard.
* * * LOW HITPOINT WARNING * * *
You feel very sick.
The orc wizard hits you with a +0 dagger.
* * * LOW HITPOINT WARNING * * *
The goblin misses you.
You closely miss the goblin.
The goblin is severely wounded.
You slash the orc wizard!
You die...

... #### .....
.... ....# ....
#.#.#...#
#.#.#..<
#.#w#.# # #
#.#.g.#.#
#.###.#@o##.###
#...!..........
#.##......#.###
#.##...........
#.........#####
#..........#
##........##
####.....#
#.....#######.


You could see a worm, an orc wizard and a goblin.

Vanquished Creatures
  2 dart slugs
  3 endoplasms (D:1)
  2 giant cockroaches (D:1)
  3 goblins (D:1)
  5 hobgoblins (D:1)
  A kobold (D:1)
  A quokka (D:1)
  A ball python (D:1)
  5 bats (D:1)
23 creatures vanquished.

Notes
Turn   | Place    | Note
-------+----------+-------------------------------------------
     0 | D:1      | BuddhaDhamma the Minotaur Berserker began the quest for the
                  | Orb.
     0 | D:1      | Reached XP level 1. HP: 19/19 MP: 0/0
   218 | D:1      | Reached skill level 4 in Axes
   267 | D:1      | Reached XP level 2. HP: 26/26 MP: 1/1
   331 | D:1      | Found a faded altar of an unknown god.
   683 | D:1      | Reached skill level 5 in Axes
   889 | D:1      | Reached XP level 3. HP: 25/31 MP: 2/2
  1072 | D:2      | HP: 1/31 [orc wizard/+0 dagger (2)]
  1073 | D:2      | Succumbed to a goblin's poison

Illustrated notes

Levels and vault maps discovered:
D:1:      amcnicky_arrival_gap_in_the_tavern_cellar, layout_basic,
          shapermc_ecumenical_altar_rom_forum, minmay_cut_off
D:2:      layout_loops_ring, roderic_serpentine_path

Skill      XL: |  1  2 |
---------------+-------+-----
Axes           | 4 5 |  5.1
Fighting       | |  3.6
Armour         | |  2.4
Dodging        | |  2.1

Action                   || total
-------------------------++-------
Melee: Hand axe          ||    60
       Headbutt          ||     7
       Punch             ||     1
  Use: Potion            ||     1
Armor: Animal skin       ||     4
       Ring mail         ||    12
Dodge: Dodged            ||    39
